 Dungeon Crawl Stone Soup version 0.27-b1-41-gafb5482f4b (webtiles) character file.

Game seed: 2849951370632639198

191 pikapanic the Slasher (level 5, -3/43 HPs)
             Began as a Palentonga Fighter on July 28, 2021.
             Slain by a worm (5 damage)
             ... on level 3 of the Dungeon.
             The game lasted 00:06:12 (2194 turns).

pikapanic the Slasher (Palentonga Fighter)          Turns: 2194, Time: 00:06:13

Health: -3/43      AC:  6    Str: 20    XL:     5   Next: 41%
Magic:  5/5        EV:  5    Int:  9    God:
Gold:   245        SH:  9    Dex:  9    Spells: 4/4 levels left

rFire    . . .     SeeInvis +   a - +0 long sword (spect)
rCold    . . .     Faith    .   c - +0 kite shield
rNeg     . . .     Spirit   .   b - +0 scale mail
rPois    .         Reflect  .   (no helmet)
rElec    .         Harm     .   (no cloak)
rCorr    .         Rampage  .   (no gloves)
Will     .....                  (no barding)
Stlth    ..........             (no amulet)
HPRegen  0.14/turn              (no ring)
MPRegen  0.09/turn              (no ring)

@: about to teleport
A: large, rugged brown scales 3, see invisible, deformed body, roll 1, armoured
tail
a: Rolling Charge


You were on level 3 of the Dungeon.
You visited 1 branch of the dungeon, and saw 3 of its levels.

You collected 245 gold pieces.

Inventory:

Hand Weapons
 a - a +0 spectral long sword (weapon)
 m - a +0 giant spiked club
Armour
 b - a +0 scale mail (worn)
 c - a +0 kite shield (worn)
 j - a +0 scale mail
Scrolls
 i - a scroll of amnesia
Potions
 d - 2 potions of might
 e - a potion of lignification {unknown}
 f - a potion of degeneration {unknown}
 g - a potion of attraction {unknown}
 h - 2 potions of brilliance {unknown}
 k - a potion of curing {unknown}


   Skills:
 + Level 3.3 Fighting
 * Level 4.2 Long Blades
 + Level 3.2 Armour
 - Level 0.3 Dodging
 + Level 0.1 Stealth
 - Level 2.9 Shields


You had 4 spell levels left.
You didn't know any spells.
Your spell library contained the following spells:

 Spells                   Type           Power      Damage    Failure   Level
 Beastly Appendage        Tmut           0%         N/A       99%         1
 Foxfire                  Conj/Fire      0%         2x1d4     99%         1
 Wereblood                Tmut           0%         N/A       99%         2
 Conjure Flame            Conj/Fire      0%         6-21      100%        3
 Inner Flame              Hex/Fire       0%         N/A       100%        3
 Spider Form              Tmut/Pois      0%         N/A       100%        3


Dungeon Overview and Level Annotations

Branches:
Dungeon (3/15)

Altars:

Shops:
D:2 [


Innate Abilities, Weirdness & Mutations

You are completely covered in rugged brown scales. (AC +3, +7% HP)
You have supernaturally acute eyesight. (SInv)
Armour fits poorly on your strangely shaped body.
You can roll at nearby foes to attack.
You have a long armoured tail.


Message History

You kill the orc!
An orc wizard comes into view. It is wielding a +0 dagger.
You block the orc's attack.
You slash the orc!
You kill the orc!
You hit the orc.
The orc is severely wounded.
The orc barely misses you. The worm bites you but does no damage.
You completely miss the orc.
The orc is severely wounded.
The orc hits you with a +0 club. The orc barely misses you.
You riposte.
You hit the orc but do no damage.
The orc is severely wounded.
You barely miss the orc.
Your tail-slap misses the orc.
The orc is severely wounded.
The worm bites you. The orc completely misses you.
You hit the orc but do no damage.
The orc is severely wounded.
The orc hits you with a +0 club. You block the worm's attack.
The orc hits you but does no damage.
You barely miss the orc.
The orc is heavily wounded.
The orc hits you with a +0 club. The worm bites you!
You hit the orc.
Your tail-slap misses the orc.
The orc is almost dead.
The orc hits you but does no damage. The worm bites you!
You hit the orc.
You kill the orc!
You closely miss the orc wizard. You tail-slap the orc wizard.
The orc wizard is heavily wounded.
The orc wizard gestures at you while chanting.
The puff of flame hits you!
* * * LOW HITPOINT WARNING * * *
The worm bites you but does no damage.
The orc wizard hits you with a +0 dagger.
* * * LOW HITPOINT WARNING * * *
As you read the scroll labelled TEEBOA ZUARECS, it crumbles to dust.
You feel strangely unstable.
It was a scroll of teleportation.
The worm bites you.
You die...

........#. #.#
#######.#. #.#
#.#. #.# #.#†###.#
# #.#...#.# .##
#.###.#.# ....
#.##.#..# .....
#.#.###†####..>...
#..## ##.w@o....>.
###.# #.####......
#.# ..... #.# ....
## ... ##


You could see a worm and an orc wizard.

Vanquished Creatures
  An ogre (D:3)
  4 adders
  A dart slug (D:2)
  5 orcs (D:3)
  5 bats
  3 endoplasms
  2 giant cockroaches (D:1)
  5 goblins
  4 hobgoblins
  8 jackals
  2 kobolds
  5 quokkas
  8 ball pythons
  7 rats
60 creatures vanquished.

Notes
Turn   | Place    | Note
-------+----------+-------------------------------------------
     0 | D:1      | pikapanic the Palentonga Fighter began the quest for the
                  | Orb.
     0 | D:1      | Reached XP level 1. HP: 19/19 MP: 1/1
   281 | D:1      | Reached XP level 2. HP: 25/25 MP: 2/2
  1042 | D:1      | Reached XP level 3. HP: 28/31 MP: 3/3
  1281 | D:2      | Found Wiasih's Armour Emporium.
  1718 | D:3      | Reached XP level 4. HP: 37/37 MP: 4/4
  1764 | D:3      | Reached skill level 3 in Long Blades
  1821 | D:3      | Noticed an ogre
  1826 | D:3      | Killed an ogre
  1827 | D:3      | Reached skill level 4 in Long Blades
  1827 | D:3      | Reached XP level 5. HP: 10/43 MP: 5/5
  2193 | D:3      | HP: 2/43 [orc wizard (1)]
  2194 | D:3      | Slain by a worm

Illustrated notes

Levels and vault maps discovered:
D:1:      co_arrival_square_in_a_square_in_a_square, layout_loops_cross,
          minivault_19, serial_bayou_pond_d
D:2:      layout_rooms, serial_shops, shop_coins, kennysheep_pointless_box
D:3:      layout_loops_ring

Skill      XL: |  1  2  3  4 |
---------------+-------------+-----
Armour         | 3 |  3.2
Long Blades    | 4 |  4.2
Fighting       | |  3.3
Dodging        | |  0.3
Stealth        | |  0.1
Shields        | |  2.9

Action                   |  1- 3 |  4- 6 || total
-------------------------+-------+-------++-------
Melee: Long sword        |    81 |    34 ||   115
       Tailslap          |     8 |     4 ||    12
 Abil: Rolling Charge    |    23 |    10 ||    33
  Use: Scroll            |     3 |     1 ||     4
 Stab: Distracted        |       |     1 ||     1
Armor: Scale mail        |    44 |     9 ||    53
Dodge: Dodged            |    19 |     7 ||    26
Block: Kite shield       |    31 |     8 ||    39
       Rpst.: Long sword |    11 |     1 ||    12
